[Event "GambitGuide"]
[Site "Internet Chess Club"]
[Date "2014.10.30"]
[Round "1"]
[White "JSBach"]
[Black "marcoss"]
[Result "1-0"]
[ICCResult "Black resigns"]
[WhiteElo "1713"]
[BlackElo "1936"]
[Opening "Vienna: `Frankenstein-Dracula' variation"]
[ECO "C27"]
[NIC "VG.02"]
[Time "19:58:48"]
[TimeControl "120+12"]

1. e4 e5 2. Nc3 Nf6 3. Bc4 Nxe4 4. Qh5 Nd6 5. Bb3 Nc6 6. Nb5 g6 7. Qf3 f5 8.
Qd5 Qe7 9. Nxc7+ Kd8 10. Nxa8 b6 11. Ba4 Bb7 12. Nxb6 axb6 13. Qb3 Nd4 14.
Qxb6+ Ke8 15. Kf1 Bg7 16. c3 Ne6 17. b3 Kf7 18. Ba3 Nc8 19. Qxb7 Qxa3 20.
Bxd7 Nc5 21. Be6+ Kxe6 22. Qxg7 Qb2 23. Re1 Nd3 24. Qxh8 Nxe1 25. Qxc8+ Kf6
26. Qa6+ Kg5 27. h4+ Kh6 28. Kxe1 {Black resigns} 1-0

[Event "GambitGuide"]
[Site "Internet Chess Club"]
[Date "2014.10.30"]
[Round "1"]
[White "JSBach"]
[Black "ilushan"]
[Result "1-0"]
[ICCResult "Black resigns"]
[WhiteElo "1713"]
[BlackElo "1546"]
[Opening "Vienna: `Frankenstein-Dracula' variation"]
[ECO "C27"]
[NIC "VG.02"]
[Time "19:59:03"]
[TimeControl "120+12"]

1. e4 e5 2. Nc3 Nf6 3. Bc4 Nxe4 4. Qh5 Nd6 5. Bb3 Nc6 6. Nb5 g6 7. Qf3 f5 8.
Qd5 Qe7 9. Nxc7+ Kd8 10. Nxa8 b6 11. Ba4 Bb7 12. Nxb6 axb6 13. Qb3 Kc7 14.
Ne2 Bg7 15. Nc3 Nd4 16. Nd5+ Bxd5 17. Qxd5 e4 18. Bb3 Ra8 19. Qxa8
{Black resigns}
1-0

[Event "GambitGuide"]
[Site "Internet Chess Club"]
[Date "2014.10.30"]
[Round "1"]
[White "JSBach"]
[Black "fishhead"]
[Result "0-1"]
[ICCResult "White checkmated"]
[WhiteElo "1713"]
[BlackElo "1597"]
[Opening "Vienna: `Frankenstein-Dracula' variation"]
[ECO "C27"]
[NIC "VG.02"]
[Time "19:57:45"]
[TimeControl "120+12"]

1. e4 e5 2. Nc3 Nf6 3. Bc4 Nxe4 4. Qh5 Nd6 5. Bb3 Nc6 6. Nb5 g6 7. Qf3 f5 8.
Qd5 Qe7 9. Nxc7+ Kd8 10. Nxa8 b6 11. Ba4 Bb7 12. Nxb6 axb6 13. Qb3 b5 14.
Nf3 bxa4 15. Qxa4 Nf7 16. Qb5 Bc8 17. a4 Qc5 18. c3 d5 19. b4 Qd6 20. O-O e4
21. Qb6+ Qc7 22. Qxc7+ Kxc7 23. Ne1 d4 24. b5 Na5 25. f3 Bb7 26. fxe4 Bxe4
27. Bb2 d3 28. Nf3 Bc5+ 29. Nd4 Rd8 30. Rae1 Bxd4+ 31. cxd4 Nd6 32. Re3 Ndc4
33. Bc3 Nb3 34. Rh3 h5 35. Rf2 Nxd4 36. Bxd4 Rxd4 37. Rg3 Rd6 38. Kf1 Kb6
39. Rg5 Ka5 40. b6 Rxb6 41. Kg1 Kxa4 42. h3 Ne5 43. Rf4 Rb4 44. Rf2 Kb3 45.
Rg3 Kc2 46. Rg5 Rb1+ 47. Kh2 Rd1 48. Rf4 Re1 49. Rf2 Re2 50. Rf4 Kxd2 51.
Rg3 Re3 52. Rg5 Ke2 53. Kg1 d2 54. Rf2+ Kd3 55. Rf1 Re1 56. Rxf5 gxf5 57. h4
d1=Q 58. Kh2 Rxf1 59. Kh3 Rh1+ 60. Kg3 Qe1+ 61. Kf4 Kd4 62. Kg5 Qxh4+ 63.
Kh6 Qf6+ 64. Kh7 Qg6+ 65. Kh8 Nf7# {White checkmated} 0-1

[Event "GambitGuide"]
[Site "Internet Chess Club"]
[Date "2014.10.30"]
[Round "1"]
[White "JSBach"]
[Black "Propugnator"]
[Result "0-1"]
[ICCResult "White checkmated"]
[WhiteElo "1713"]
[BlackElo "1795"]
[Opening "Vienna: `Frankenstein-Dracula' variation"]
[ECO "C27"]
[NIC "VG.02"]
[Time "20:01:08"]
[TimeControl "120+12"]

1. e4 e5 2. Nc3 Nf6 3. Bc4 Nxe4 4. Qh5 Nd6 5. Bb3 Nc6 6. Nb5 g6 7. Qf3 f5 8.
Qd5 Qe7 9. Nxc7+ Kd8 10. Nxa8 b6 11. Ba4 Bb7 12. Nxb6 axb6 13. Qb3 Nc8 14.
a3 Nd4 15. Qg3 f4 16. Qg4 h5 17. Qxg6 Rh6 18. Qg8 b5 19. Bb3 Nxb3 20. cxb3
Nb6 21. d4 Bd5 22. Qxf8+ Qxf8 23. Kf1 Bxb3 24. dxe5 Bc4+ 25. Ke1 Re6 26. Nf3
Bd5 27. Ke2 Bxf3+ 28. Kxf3 Rxe5 29. Bxf4 Rf5 30. g3 Nd5 31. Raf1 Nxf4 32.
gxf4 Rxf4+ 33. Ke3 Qf5 34. Rhg1 Qe4+ 35. Kd2 Qd4+ 36. Kc1 Qc4+ 37. Kb1 Qd3+
38. Ka2 b4 39. a4 b3+ 40. Ka3 Qc4 41. Rg8+ Kc7 42. Rc1 Qxc1 43. Rg5 Qc4 44.
Rc5+ Qxc5+ 45. Kxb3 Rb4+ 46. Ka2 Qa5 47. b3 Qc5 48. Kb2 Qd4+ 49. Kc2 Qxf2+
50. Kc1 Rxb3 51. a5 Rb2 52. h3 Qd2# {White checkmated} 0-1

[Event "GambitGuide"]
[Site "Internet Chess Club"]
[Date "2014.10.30"]
[Round "1"]
[White "JSBach"]
[Black "ilushan"]
[Result "1-0"]
[ICCResult "Black resigns"]
[WhiteElo "1713"]
[BlackElo "1546"]
[Opening "Vienna: `Frankenstein-Dracula' variation"]
[ECO "C27"]
[NIC "VG.02"]
[Time "20:00:05"]
[TimeControl "120+12"]

1. e4 e5 2. Nc3 Nf6 3. Bc4 Nxe4 4. Qh5 Nd6 5. Bb3 Nc6 6. Nb5 g6 7. Qf3 f5 8.
Qd5 Qe7 9. Nxc7+ Kd8 10. Nxa8 b6 11. Ba4 Ba6 12. Bxc6 dxc6 13. Qb3 Qb7 14.
Qe6 Be7 15. Nxb6 axb6 16. Qxe5 Re8 17. Ne2 Bxe2 18. d3 Bf8 19. Qf6+ Kc8 20.
Be3 Bh5 21. O-O c5 22. b4 cxb4 23. Rae1 Qc6 24. Bxb6 Rxe1 25. Qd8+ Kb7 26.
Rxe1 Qxb6 27. Qxf8 g5 28. Re6 Qd4 29. c3 Qxd3 30. Re7+ Kc6 31. Qa8+ Kc5 32.
Rc7+ Kb5 33. Qc6+ Ka5 34. Ra7+ {Black resigns} 1-0

[Event "GambitGuide"]
[Site "Internet Chess Club"]
[Date "2014.10.30"]
[Round "1"]
[White "JSBach"]
[Black "Selfoss"]
[Result "0-1"]
[ICCResult "White checkmated"]
[WhiteElo "1713"]
[BlackElo "1316"]
[Opening "Vienna: `Frankenstein-Dracula' variation"]
[ECO "C27"]
[NIC "VG.02"]
[Time "20:03:08"]
[TimeControl "120+12"]

1. e4 e5 2. Nc3 Nf6 3. Bc4 Nxe4 4. Qh5 Nd6 5. Bb3 Nc6 6. Nb5 g6 7. Qf3 f5 8.
Qd5 Qe7 9. Nxc7+ Kd8 10. Nxa8 b6 11. Ba4 Bb7 12. Nxb6 axb6 13. Qb3 Kc7 14.
Ne2 Nd4 15. Nxd4 exd4+ 16. Kf1 Bh6 17. Qb4 Re8 18. Qxd6+ Kxd6 19. a3 Qe2+
20. Kg1 Qe1# {White checkmated} 0-1

[Event "GambitGuide"]
[Site "Internet Chess Club"]
[Date "2014.10.30"]
[Round "1"]
[White "JSBach"]
[Black "nihil95"]
[Result "1-0"]
[ICCResult "Black resigns"]
[WhiteElo "1713"]
[BlackElo "1677"]
[Opening "Vienna: `Frankenstein-Dracula' variation"]
[ECO "C27"]
[NIC "VG.02"]
[Time "20:00:47"]
[TimeControl "120+12"]

1. e4 e5 2. Nc3 Nf6 3. Bc4 Nxe4 4. Qh5 Nd6 5. Bb3 Nc6 6. Nb5 g6 7. Qf3 f5 8.
Qd5 Qe7 9. Nxc7+ Kd8 10. Nxa8 b6 11. Ba4 Nb4 12. Qb3 Ne4 13. d3 Nc5 14. Qc4
Ba6 15. Bb5 Bxb5 16. Qc3 Nd5 17. Qa3 Nb4 18. Kd1 Nxc2 19. Qxa7 Ke8 20. Nc7+
Kf7 21. Kxc2 Bxd3+ 22. Kd1 Qd6 23. Ke1 Bc2 24. Be3 Nd3+ 25. Kf1 Nf4 26. Bxf4
exf4 27. Re1 Bh6 28. Na8 Bd3+ 29. Ne2 Re8 30. Kg1 Rxe2 31. Rxe2 Bxe2 32. h4
f3 33. Nxb6 fxg2 34. Kxg2 Qc6+ 35. Kh2 Bf4+ 36. Kg1 Qc1+ 37. Kg2 Bf3+ 38.
Kxf3 Qxh1+ 39. Kxf4 Qe4+ 40. Kg3 f4+ 41. Kh2 Qc6 42. Qxd7+ Qxd7 43. Nxd7 Ke6
44. Nf8+ Kf5 45. Nxh7 Kg4 46. a4 Kxh4 47. b4 Kg4 48. a5 Kf3 49. Kg1 g5 50.
Nxg5+ Kg4 51. Nf7 f3 52. a6 Kf4 53. b5 {Black resigns} 1-0

[Event "GambitGuide"]
[Site "Internet Chess Club"]
[Date "2014.10.30"]
[Round "1"]
[White "JSBach"]
[Black "Selfoss"]
[Result "0-1"]
[ICCResult "White checkmated"]
[WhiteElo "1713"]
[BlackElo "1316"]
[Opening "Vienna: `Frankenstein-Dracula' variation"]
[ECO "C27"]
[NIC "VG.02"]
[Time "20:04:37"]
[TimeControl "120+12"]

1. e4 e5 2. Nc3 Nf6 3. Bc4 Nxe4 4. Qh5 Nd6 5. Bb3 Nc6 6. Nb5 g6 7. Qf3 f5 8.
Qd5 Qe7 9. Nxc7+ Kd8 10. Nxa8 b6 11. Ba4 Bb7 12. Nxb6 axb6 13. Qb3 Kc7 14.
Ne2 Nd4 15. Nxd4 exd4+ 16. Kf1 Bh6 17. Qb4 Re8 18. d3 Qe2+ 19. Kg1 Qe1+ 20.
Qxe1 Rxe1# {White checkmated} 0-1

[Event "GambitGuide"]
[Site "Internet Chess Club"]
[Date "2014.10.30"]
[Round "1"]
[White "JSBach"]
[Black "Selfoss"]
[Result "0-1"]
[ICCResult "White checkmated"]
[WhiteElo "1713"]
[BlackElo "1316"]
[Opening "Vienna: `Frankenstein-Dracula' variation"]
[ECO "C27"]
[NIC "VG.02"]
[Time "20:05:07"]
[TimeControl "120+12"]

1. e4 e5 2. Nc3 Nf6 3. Bc4 Nxe4 4. Qh5 Nd6 5. Bb3 Nc6 6. Nb5 g6 7. Qf3 f5 8.
Qd5 Qe7 9. Nxc7+ Kd8 10. Nxa8 b6 11. Ba4 Bb7 12. Nxb6 axb6 13. Qb3 Kc7 14.
Ne2 Nd4 15. Nxd4 exd4+ 16. Kf1 Bg7 17. a3 Re8 18. Qe3 dxe3 19. dxe3 f4 20.
Bb3 fxe3 21. fxe3 Bxb2 22. Bxb2 Qxe3 23. Bd5 Bxd5 24. g3 Rf8+ 25. Bf6 Rxf6#
{White checkmated}
0-1

[Event "GambitGuide"]
[Site "Internet Chess Club"]
[Date "2014.10.30"]
[Round "1"]
[White "JSBach"]
[Black "Svinotigr"]
[Result "1-0"]
[ICCResult "Black resigns"]
[WhiteElo "1713"]
[BlackElo "1757"]
[Opening "Vienna: `Frankenstein-Dracula' variation"]
[ECO "C27"]
[NIC "VG.02"]
[Time "19:58:19"]
[TimeControl "120+12"]

1. e4 e5 2. Nc3 Nf6 3. Bc4 Nxe4 4. Qh5 Nd6 5. Bb3 Nc6 6. Nb5 g6 7. Qf3 f5 8.
Qd5 Qe7 9. Nxc7+ Kd8 10. Nxa8 b6 11. Ba4 Bb7 12. Nxb6 axb6 13. Qb3 b5 14.
Nf3 bxa4 15. Qxa4 e4 16. Nd4 Bg7 17. Nxc6+ Bxc6 18. Qa7 e3 19. Qb8+ Nc8 20.
dxe3 Bxg2 21. Rg1 Bf3 22. Bd2 Be5 23. Ba5+ Ke8 24. Qxc8+ Kf7 25. Qc4+ d5 26.
Qb3 Rb8 27. Bb6 f4 28. e4 Bxe4 29. f3 Bd4 30. fxe4 Qxe4+ 31. Kd2 Rxb6 32.
Rge1 Be3+ 33. Rxe3 fxe3+ 34. Qxe3 Qg2+ 35. Qe2 Qxe2+ 36. Kxe2 Rxb2 37. Kd3
Ke6 38. Kc3 Rb7 39. Re1+ Kd6 40. a4 Kc5 41. a5 d4+ 42. Kd2 Ra7 43. Re5+ Kb4
44. Kd3 Rc7 45. a6 Rc3+ 46. Kxd4 Rxc2 47. a7 Ra2 48. Re7 h5 49. Rb7+
{Black resigns}
1-0

[Event "GambitGuide"]
[Site "Internet Chess Club"]
[Date "2014.10.30"]
[Round "1"]
[White "JSBach"]
[Black "tonychess2014"]
[Result "0-1"]
[ICCResult "White checkmated"]
[WhiteElo "1713"]
[BlackElo "1674"]
[Opening "Vienna: `Frankenstein-Dracula' variation"]
[ECO "C27"]
[NIC "VG.02"]
[Time "19:57:55"]
[TimeControl "120+12"]

1. e4 e5 2. Nc3 Nf6 3. Bc4 Nxe4 4. Qh5 Nd6 5. Bb3 Nc6 6. Nb5 g6 7. Qf3 f5 8.
Qd5 Qe7 9. Nxc7+ Kd8 10. Nxa8 b6 11. Ba4 Bb7 12. Nxb6 axb6 13. Qb3 b5 14.
Ne2 bxa4 15. Qxa4 Kc8 16. O-O Ne4 17. d3 Nc5 18. Qb5 Nd4 19. Nxd4 exd4 20.
Qb4 Ne6 21. Qc4+ Qc5 22. Qa4 Qc6 23. Qc4 Bd6 24. Bd2 Bf4 25. Bxf4 Nxf4 26.
f3 Re8 27. Rfe1 Re6 28. a4 Ba6 29. Qb3 g5 30. Rxe6 Nxe6 31. Re1 g4 32. fxg4
fxg4 33. Re4 Bb7 34. Rxg4 Kc7 35. a5 h5 36. Rg8 Nc5 37. Qc4 Ne6 38. Re8 Qxc4
39. dxc4 Nf4 40. g3 Ne6 41. Rh8 Be4 42. Rxh5 Bxc2 43. h4 Bb3 44. a6 Bxc4 45.
a7 Kb7 46. Ra5 Ka8 47. Ra4 d5 48. b4 d3 49. h5 d2 50. Ra1 Bb3 51. h6 Ng5 52.
b5 d1=Q+ 53. Rxd1 Bxd1 54. b6 d4 55. Kf2 d3 56. Ke3 Be2 57. g4 Kb7 58. Kd2
Nh7 59. Ke3 Nf6 60. Kd2 Nh7 61. Ke3 Ng5 62. Kd2 Nf7 63. h7 Nh8 64. Ke3 Ng6
65. g5 Ka8 66. Kf2 Bg4 67. Ke3 Bf5 68. Kd2 Nh8 69. Ke3 Bxh7 70. g6 Bxg6 71.
Kd2 Nf7 72. Ke3 Nd6 73. Kf2 Nc4 74. b7+ Kxb7 75. a8=R Kxa8 76. Ke1 Nb2 77.
Kd2 Nc4+ 78. Ke1 Bh5 79. Kf2 d2 80. Kg2 d1=Q 81. Kg3 Qg4+ 82. Kf2 Qf3+ 83.
Kg1 Qe2 84. Kh1 Qa2 85. Kg1 Ne3 86. Kh1 Qg2# {White checkmated} 0-1

[Event "GambitGuide"]
[Site "Internet Chess Club"]
[Date "2014.10.30"]
[Round "1"]
[White "JSBach"]
[Black "SPARNALIQ"]
[Result "1-0"]
[ICCResult "Black resigns"]
[WhiteElo "1713"]
[BlackElo "2747"]
[Opening "Vienna: `Frankenstein-Dracula' variation"]
[ECO "C27"]
[NIC "VG.02"]
[Time "20:06:22"]
[TimeControl "120+12"]

1. e4 e5 2. Nc3 Nf6 3. Bc4 Nxe4 4. Qh5 Nd6 5. Bb3 Nc6 6. Nb5 g6 7. Qf3 f5 8.
Qd5 Qe7 9. Nxc7+ Kd8 10. Nxa8 b6 11. Ba4 Bb7 12. Nxb6 axb6 13. Qb3 Kc7 14.
Ne2 Bh6 15. Nc3 Nd4 16. Nd5+ Bxd5 17. Qxd5 Ra8 18. Qxa8 {Black resigns} 1-0

[Event "GambitGuide"]
[Site "Internet Chess Club"]
[Date "2014.10.30"]
[Round "1"]
[White "JSBach"]
[Black "supermonkey"]
[Result "1-0"]
[ICCResult "Black resigns"]
[WhiteElo "1713"]
[BlackElo "1583"]
[Opening "Vienna: `Frankenstein-Dracula' variation"]
[ECO "C27"]
[NIC "VG.02"]
[Time "20:06:47"]
[TimeControl "120+12"]

1. e4 e5 2. Nc3 Nf6 3. Bc4 Nxe4 4. Qh5 Nd6 5. Bb3 Nc6 6. Nb5 g6 7. Qf3 f5 8.
Qd5 Qe7 9. Nxc7+ Kd8 10. Nxa8 b6 11. Ba4 Bb7 12. Nxb6 axb6 13. Qb3 Kc7 14.
Ne2 Bg7 15. Nc3 Nd4 16. Nd5+ Bxd5 17. Qxd5 b5 18. Bb3 Ne4 19. c3 Ne6 20.
Qxb5 Nf4 21. O-O {Black resigns} 1-0

[Event "GambitGuide"]
[Site "Internet Chess Club"]
[Date "2014.10.30"]
[Round "1"]
[White "JSBach"]
[Black "Selfoss"]
[Result "0-1"]
[ICCResult "White checkmated"]
[WhiteElo "1713"]
[BlackElo "1316"]
[Opening "Vienna: `Frankenstein-Dracula' variation"]
[ECO "C27"]
[NIC "VG.02"]
[Time "20:07:02"]
[TimeControl "120+12"]

1. e4 e5 2. Nc3 Nf6 3. Bc4 Nxe4 4. Qh5 Nd6 5. Bb3 Nc6 6. Nb5 g6 7. Qf3 f5 8.
Qd5 Qe7 9. Nxc7+ Kd8 10. Nxa8 b6 11. Ba4 Bb7 12. Nxb6 axb6 13. Qb3 Kc7 14.
Ne2 Nd4 15. Nxd4 exd4+ 16. Kf1 Bh6 17. Qb4 Re8 18. Qxd6+ Qxd6 19. Bb3 Bxg2+
20. Kxg2 Re2 21. Rd1 Qf4 22. Rf1 Qg4+ 23. Kh1 Bf4 24. Bc4 Qh3 25. Bxe2 Qxh2#
{White checkmated}
0-1

[Event "GambitGuide"]
[Site "Internet Chess Club"]
[Date "2014.10.30"]
[Round "1"]
[White "JSBach"]
[Black "gebailey"]
[Result "1-0"]
[ICCResult "Black resigns"]
[WhiteElo "1713"]
[BlackElo "1654"]
[Opening "Vienna: `Frankenstein-Dracula' variation"]
[ECO "C27"]
[NIC "VG.02"]
[Time "20:07:34"]
[TimeControl "120+12"]

1. e4 e5 2. Nc3 Nf6 3. Bc4 Nxe4 4. Qh5 Nd6 5. Bb3 Nc6 6. Nb5 g6 7. Qf3 f5 8.
Qd5 Qe7 9. Nxc7+ Kd8 10. Nxa8 b6 11. Ba4 Bb7 12. Nxb6 axb6 13. Qb3 Kc7 14.
Ne2 Bg7 15. Nc3 Qf7 16. Nb5+ Kb8 17. Nxd6 Qxb3 18. Bxb3 Ba6 19. d3 Kc7 20.
Nf7 Rf8 21. Bd5 Nb4 22. Bb3 d5 23. Ng5 h6 24. Ne6+ Kd6 25. Nxg7 Rf7 26. Bxh6
{Black resigns}
1-0

[Event "GambitGuide"]
[Site "Internet Chess Club"]
[Date "2014.10.30"]
[Round "1"]
[White "JSBach"]
[Black "hidemitsu"]
[Result "1/2-1/2"]
[ICCResult "Game drawn by repetition"]
[WhiteElo "1713"]
[BlackElo "2301"]
[Opening "Vienna: `Frankenstein-Dracula' variation"]
[ECO "C27"]
[NIC "VG.02"]
[Time "20:03:06"]
[TimeControl "120+12"]

1. e4 e5 2. Nc3 Nf6 3. Bc4 Nxe4 4. Qh5 Nd6 5. Bb3 Nc6 6. Nb5 g6 7. Qf3 f5 8.
Qd5 Qe7 9. Nxc7+ Kd8 10. Nxa8 b6 11. Ba4 Bb7 12. Nxb6 axb6 13. Qb3 b5 14.
Ne2 bxa4 15. Qxa4 Ne4 16. f3 Nc5 17. Qc4 Ba6 18. Qd5 Bxe2 19. Kxe2 Nd4+ 20.
Kd1 Qe6 21. Qxe6 Ncxe6 22. c3 Nc6 23. b4 d5 24. b5 Na5 25. d3 Kc7 26. Re1
Bd6 27. Be3 Rb8 28. a4 d4 29. cxd4 exd4 30. Bf2 Kd7 31. Bg3 Bxg3 32. hxg3
Nc5 33. Kc2 Rc8 34. Ra3 Kd6 35. Kb1 Nd7 36. Rc1 Rxc1+ 37. Kxc1 Nb6 38. Kb2
Kc5 39. g4 fxg4 40. fxg4 Kb4 41. Ka2 Nxa4 42. g5 Nc3+ 43. Kb2 Nxb5 44. Ra1
Nb3 45. Rf1 Nc5 46. Kc2 Nd6 47. Rb1+ Ka5 48. Rh1 Nf7 49. Rh4 Nxg5 50. Rxd4
Nce6 51. Rd7 Kb5 52. Kd2 Kc6 53. Re7 Kd6 54. Rb7 h5 55. Rb5 h4 56. d4 Ne4+
57. Ke3 Nf6 58. Rb6+ Ke7 59. Rb5 g5 60. Rf5 Nc7 61. Rxg5 Ncd5+ 62. Kd3 Ke6
63. Re5+ Kd6 64. Kc4 Nf4 65. Rg5 N6d5 66. Re5 Kc6 67. Re8 Nxg2 68. Rc8+ Kd7
69. Rh8 Ndf4 70. Rh7+ Kd6 71. d5 h3 72. Rh6+ Kd7 73. Kd4 Ne1 74. Rh7+ Kd6
75. Rh6+ Kd7 76. Rh7+ Kd6 77. Rh6+ Kd7 78. Rh7+ {Game drawn by repetition}
1/2-1/2

[Event "GambitGuide"]
[Site "Internet Chess Club"]
[Date "2014.10.30"]
[Round "1"]
[White "JSBach"]
[Black "Yamabushi"]
[Result "1-0"]
[ICCResult "Black checkmated"]
[WhiteElo "1713"]
[BlackElo "1400"]
[Opening "Vienna: `Frankenstein-Dracula' variation"]
[ECO "C27"]
[NIC "VG.02"]
[Time "20:03:59"]
[TimeControl "120+12"]

1. e4 e5 2. Nc3 Nf6 3. Bc4 Nxe4 4. Qh5 Nd6 5. Bb3 Nc6 6. Nb5 g6 7. Qf3 f5 8.
Qd5 Qe7 9. Nxc7+ Kd8 10. Nxa8 b6 11. Ba4 Bb7 12. Nxb6 axb6 13. Qb3 b5 14.
Nf3 e4 15. Ng1 Nd4 16. Qb4 Qe5 17. Qa5+ Ke8 18. Bb3 f4 19. Qc3 Bg7 20. Ne2
f3 21. Nxd4 fxg2 22. Rg1 Qxh2 23. Nf3 Qxg1+ 24. Nxg1 Bxc3 25. dxc3 Rf8 26.
a4 bxa4 27. Rxa4 Ke7 28. Bh6 Rf5 29. c4 Rh5 30. Bf4 Rh1 31. Bg5+ Kf8 32. Ke2
Rxg1 33. Bh6+ Ke7 34. Bg5+ Kf8 35. Bh6+ Ke8 36. Ra7 Re1+ 37. Kxe1 g1=Q+ 38.
Ke2 Qg4+ 39. Ke1 Qh4 40. Be3 Qh1+ 41. Kd2 Qf1 42. c5 Ba6 43. cxd6 Qe2+ 44.
Kc3 Qe1+ 45. Bd2 Qxf2 46. Ra8+ Bc8 47. Rxc8# {Black checkmated} 1-0

[Event "GambitGuide"]
[Site "Internet Chess Club"]
[Date "2014.10.30"]
[Round "1"]
[White "JSBach"]
[Black "Koval"]
[Result "1-0"]
[ICCResult "Black resigns"]
[WhiteElo "1713"]
[BlackElo "1991"]
[Opening "Vienna: `Frankenstein-Dracula' variation"]
[ECO "C27"]
[NIC "VG.02"]
[Time "20:10:13"]
[TimeControl "120+12"]

1. e4 e5 2. Nc3 Nf6 3. Bc4 Nxe4 4. Qh5 Nd6 5. Bb3 Nc6 6. Nb5 g6 7. Qf3 f5 8.
Qd5 Qe7 9. Nxc7+ Kd8 10. Nxa8 b6 11. Ba4 Bb7 12. Nxb6 axb6 13. Qb3 Kc7 14.
Ne2 Ne4 15. d3 Nc5 16. Qa3 Qh4 17. Bxc6 dxc6 18. O-O Bd6 19. g3 Qh3 20. Re1
Ne4 21. Qb3 Ng5 22. Bxg5 c5 23. f3 Bxf3 24. Qf7+ Kb8 25. Kf2 Qg2+ 26. Ke3
f4+ 27. Nxf4 exf4+ 28. Bxf4 {Black resigns} 1-0

[Event "GambitGuide"]
[Site "Internet Chess Club"]
[Date "2014.10.30"]
[Round "1"]
[White "JSBach"]
[Black "SPARNALIQ"]
[Result "1-0"]
[ICCResult "Black checkmated"]
[WhiteElo "1713"]
[BlackElo "2747"]
[Opening "Vienna: `Frankenstein-Dracula' variation"]
[ECO "C27"]
[NIC "VG.02"]
[Time "20:10:06"]
[TimeControl "120+12"]

1. e4 e5 2. Nc3 Nf6 3. Bc4 Nxe4 4. Qh5 Nd6 5. Bb3 Nc6 6. Nb5 g6 7. Qf3 f5 8.
Qd5 Qe7 9. Nxc7+ Kd8 10. Nxa8 b6 11. Ba4 Bb7 12. Nxb6 axb6 13. Qb3 Kc7 14.
Ne2 Qg5 15. O-O e4 16. d4 Qh4 17. Re1 g5 18. d5 Bg7 19. dxc6 dxc6 20. Be3 b5
21. Bc5 Be5 22. Bxd6+ Bxd6 23. g3 Qh3 24. Bxb5 cxb5 25. Qc3+ Kb6 26. Qxh8 e3
27. Qd8+ Ka7 28. f3 Bxf3 29. Qa5+ Kb7 30. Qxb5+ Kc7 31. Qc4+ Bc6 32. Qf7+
Kb6 33. Nf4 gxf4 34. Qb3+ Kc7 35. Qf7+ Kb6 36. Qb3+ Ka7 37. Re2 fxg3 38.
Qxe3+ Kb7 39. Qb3+ Kc7 40. Qf7+ Kb6 41. Qb3+ Ka7 42. Qe3+ Kb8 43. Qb6+ Bb7
44. Re8# {Black checkmated} 1-0

[Event "GambitGuide"]
[Site "Internet Chess Club"]
[Date "2014.10.30"]
[Round "1"]
[White "JSBach"]
[Black "SPARNALIQ"]
[Result "0-1"]
[ICCResult "White checkmated"]
[WhiteElo "1713"]
[BlackElo "2747"]
[Opening "Vienna: `Frankenstein-Dracula' variation"]
[ECO "C27"]
[NIC "VG.02"]
[Time "20:11:48"]
[TimeControl "120+12"]

1. e4 e5 2. Nc3 Nf6 3. Bc4 Nxe4 4. Qh5 Nd6 5. Bb3 Nc6 6. Nb5 g6 7. Qf3 f5 8.
Qd5 Qe7 9. Nxc7+ Kd8 10. Nxa8 b6 11. Ba4 Bb7 12. Nxb6 axb6 13. Qb3 Kc7 14.
Ne2 Qg5 15. O-O e4 16. d4 Qh4 17. Re1 g5 18. d5 Bg7 19. dxc6 Be5 20. g3 Qh3
21. cxb7 f4 22. Qd5 f3 23. Nf4 gxf4 24. b8=Q+ Kxb8 25. Qa8+ Kxa8 26. Bc6+
dxc6 27. Bxf4 Qg2# {White checkmated} 0-1

[Event "GambitGuide"]
[Site "Internet Chess Club"]
[Date "2014.10.30"]
[Round "1"]
[White "JSBach"]
[Black "ziwenzhou"]
[Result "1-0"]
[ICCResult "Black resigns"]
[WhiteElo "1713"]
[BlackElo "2059"]
[Opening "Vienna: `Frankenstein-Dracula' variation"]
[ECO "C27"]
[NIC "VG.02"]
[Time "20:11:40"]
[TimeControl "120+12"]

1. e4 e5 2. Nc3 Nf6 3. Bc4 Nxe4 4. Qh5 Nd6 5. Bb3 Nc6 6. Nb5 g6 7. Qf3 f5 8.
Qd5 Qe7 9. Nxc7+ Kd8 10. Nxa8 b6 11. Ba4 Bb7 12. Nxb6 axb6 13. Qb3 b5 14.
Nf3 bxa4 15. Qxa4 e4 16. Nd4 Bg7 17. Nxc6+ Bxc6 18. Qa7 Nc8 19. Qa6 e3 20.
dxe3 Bxg2 21. Rg1 Be4 22. Bd2 Be5 23. Ba5+ Bc7 24. Bxc7+ Kxc7 25. O-O-O Qe6
26. Qa5+ Qb6 27. Qe5+ {Black resigns} 1-0

[Event "GambitGuide"]
[Site "Internet Chess Club"]
[Date "2014.10.30"]
[Round "1"]
[White "JSBach"]
[Black "SPARNALIQ"]
[Result "0-1"]
[ICCResult "White checkmated"]
[WhiteElo "1713"]
[BlackElo "2747"]
[Opening "Vienna: `Frankenstein-Dracula' variation"]
[ECO "C27"]
[NIC "VG.02"]
[Time "20:12:43"]
[TimeControl "120+12"]

1. e4 e5 2. Nc3 Nf6 3. Bc4 Nxe4 4. Qh5 Nd6 5. Bb3 Nc6 6. Nb5 g6 7. Qf3 f5 8.
Qd5 Qe7 9. Nxc7+ Kd8 10. Nxa8 b6 11. Ba4 Bb7 12. Nxb6 axb6 13. Qb3 Kc7 14.
Ne2 Qg5 15. O-O e4 16. d4 Qh4 17. Re1 g5 18. d5 Bg7 19. dxc6 Be5 20. g3 Qh3
21. cxb7 f4 22. Qd5 f3 23. Nf4 gxf4 24. b8=Q+ Kxb8 25. Qa8+ Kxa8 26. Bc6+
Nb7 27. Bxb7+ Kxb7 28. Rxe4 Qg2# {White checkmated} 0-1

[Event "GambitGuide"]
[Site "Internet Chess Club"]
[Date "2014.10.30"]
[Round "1"]
[White "JSBach"]
[Black "Svinotigr"]
[Result "1-0"]
[ICCResult "Black checkmated"]
[WhiteElo "1713"]
[BlackElo "1757"]
[Opening "Vienna: `Frankenstein-Dracula' variation"]
[ECO "C27"]
[NIC "VG.02"]
[Time "20:08:16"]
[TimeControl "120+12"]

1. e4 e5 2. Nc3 Nf6 3. Bc4 Nxe4 4. Qh5 Nd6 5. Bb3 Nc6 6. Nb5 g6 7. Qf3 f5 8.
Qd5 Qe7 9. Nxc7+ Kd8 10. Nxa8 b6 11. Ba4 Bb7 12. Nxb6 axb6 13. Qb3 b5 14.
Ne2 bxa4 15. Qxa4 e4 16. O-O Bg7 17. Re1 g5 18. f3 exf3 19. gxf3 Re8 20. c3
Qe6 21. d3 Qd5 22. Bxg5+ Kc8 23. Qf4 Ne5 24. Nd4 Ng6 25. Rxe8+ Nxe8 26. Qe3
f4 27. Qxe8+ Kc7 28. Qd8+ Kd6 29. Qb8+ Kc5 30. Qc7+ Bc6 31. b4#
{Black checkmated}
1-0

[Event "GambitGuide"]
[Site "Internet Chess Club"]
[Date "2014.10.30"]
[Round "1"]
[White "JSBach"]
[Black "ziwenzhou"]
[Result "1-0"]
[ICCResult "Black resigns"]
[WhiteElo "1713"]
[BlackElo "2059"]
[Opening "Vienna: `Frankenstein-Dracula' variation"]
[ECO "C27"]
[NIC "VG.02"]
[Time "20:12:42"]
[TimeControl "120+12"]

1. e4 e5 2. Nc3 Nf6 3. Bc4 Nxe4 4. Qh5 Nd6 5. Bb3 Nc6 6. Nb5 g6 7. Qf3 f5 8.
Qd5 Qe7 9. Nxc7+ Kd8 10. Nxa8 b6 11. Ba4 Bb7 12. Nxb6 axb6 13. Qb3 b5 14.
Nf3 bxa4 15. Qxa4 Bg7 16. O-O e4 17. Ne1 Kc7 18. d3 Ra8 19. Qb3 Nd4 20. Qc3+
Bc6 21. Kh1 N6b5 22. Qc4 Qe6 23. Bf4+ Kb7 24. c3 Ne2 25. Qxe6 dxe6 26. Be3
exd3 27. Nxd3 e5 28. Nc5+ Kc7 29. Ne6+ {Black resigns} 1-0

[Event "GambitGuide"]
[Site "Internet Chess Club"]
[Date "2014.10.30"]
[Round "1"]
[White "JSBach"]
[Black "Muad-dib"]
[Result "1-0"]
[ICCResult "Black resigns"]
[WhiteElo "1713"]
[BlackElo "2151"]
[Opening "Vienna: `Frankenstein-Dracula' variation"]
[ECO "C27"]
[NIC "VG.02"]
[Time "20:12:47"]
[TimeControl "120+12"]

1. e4 e5 2. Nc3 Nf6 3. Bc4 Nxe4 4. Qh5 Nd6 5. Bb3 Nc6 6. Nb5 g6 7. Qf3 f5 8.
Qd5 Qe7 9. Nxc7+ Kd8 10. Nxa8 b6 11. Ba4 Bb7 12. Nxb6 axb6 13. Qb3 Kc7 14.
Ne2 Qe6 15. Qxe6 dxe6 16. d3 Bg7 17. Be3 Nd4 18. f3 Bc6 19. Bb3 Bd5 20. Bxd4
Bxb3 21. Bxb6+ Kxb6 22. cxb3 Nb5 23. a4 Nd4 24. Nxd4 exd4 25. Rc1 Re8 26. b4
e5 27. a5+ Kb5 28. Rc7 Bh6 29. Rxh7 Be3 30. Rb7+ Ka4 31. h4 e4 32. fxe4 fxe4
33. Ke2 exd3+ 34. Kxd3 Rf8 35. a6 Kb3 36. b5 Rf2 37. b6 Rd2+ 38. Ke4
{Black resigns}
1-0